AoeStats
← MisMi.GarreroJaguar

Arabia

510142512Analyzed
1v1 RM · 3d ago on Sep 29, 2026· 36m 47s· 2 players
Game mode
Random Map
Map size
Tiny (2 player)
Population
200
Speed
Normal
Resources
Standard
Victory
Conquest
Starting age
Dark Age
Ending age
Imperial Age
RankedLock teamsTeams togetherTeam positionsShared explorationLock speedFull tech treeHidden civsTurbo modeCheats
Victory
Defeat
🇲🇽 Maya · Mexico
1025
+14
🇵🇱 Malay · Poland
989
-14
...1
10:35 Feudal Age
10:21 Double-Bit Axe
10:17 Horse Collar
13:38 Loom
13:21 Man-at-Arms
20:47 Castle Age
20:29 Wheelbarrow
20:54 Bow Saw
20:58 Heavy Plow
21:03 Fletching
21:17 Padded Archer Armor
21:03 Elite Skirmisher
21:19 Long Swordsman
22:05 Squires
21:26 Long Swordsman
23:50 Gold Mining
24:14 Fletching
24:40 Leather Archer Armor
26:13 Thumb Ring
26:07 Bodkin Arrow
28:32 Ballistics
30:31 Forging
32:10 Stone Mining
34:43 Hand Cart
39:43 Imperial Age
MisMi.GarreroJaguar
0:26 Loom
10:06 Feudal Age
10:46 Double-Bit Axe
13:05 Fletching
20:56 Castle Age
18:46 Horse Collar
18:58 Gold Mining
20:17 Padded Archer Armor
21:50 Eagle Warrior
22:31 Scale Mail Armor
22:37 Squires
22:41 Crossbowman
23:39 Chain Mail Armor
23:20 Bodkin Arrow
24:13 Bow Saw
27:04 Leather Archer Armor
27:00 Forging
30:56 Ballistics
33:13 Imperial Age
32:27 Heavy Plow
34:38 Conscription
Connection lost

Rejoining the realm…

Still unreachable

The connection could not be restored.

Session expired

The server has moved on; the page needs a fresh start.